 Dungeon Crawl Stone Soup version 0.26-a0-662-g8b9c6dab81 (webtiles) character file.

Game seed: 7704728057938789108

1124 HellBreezer the Chopper (level 8, -1/73 HPs)
             Began as a Deep Dwarf Fighter on Oct 9, 2020.
             Killed from afar by Dowan (19 damage)
             ... with a shard of ice
             ... on level 5 of the Dungeon.
             The game lasted 00:18:45 (3324 turns).

HellBreezer the Chopper (Deep Dwarf Fighter)        Turns: 3324, Time: 00:18:53

Health: -1/73      AC: 11    Str: 22    XL:     8   Next: 13%
Magic:  5/5        EV:  6    Int:  9    God:
Gold:   205        SH: 10    Dex: 12    Spells: 7/7 levels left

rFire    . . .     SeeInvis .   a - +0 war axe
rCold    . . .     Faith    .   c - +0 kite shield
rNeg     . . .     Spirit   .   r - +0 chain mail
rPois    .         Reflect  .   (no helmet)
rElec    .         Harm     .   (no cloak)
rCorr    .         Rampage  .   y - +0 pair of gloves
MR       +....                  (no boots)
Stlth    ..........             (no amulet)
HPRegen  0.00/turn              (no ring)
MPRegen  0.09/turn              (no ring)

@: non-regenerating
A: damage resistance, heal wounds, sense surroundings 1, no regeneration
a: Heal Wounds


You were on level 5 of the Dungeon.
You visited 1 branch of the dungeon, and saw 5 of its levels.
You also visited: Ossuary.

You collected 205 gold pieces.

Inventory:

Hand Weapons
 a - a +0 war axe (weapon)
Missiles
 n - 16 poisoned darts (quivered)
Armour
 c - a +0 kite shield (worn)
 r - a +0 chain mail (worn)
 y - a +0 pair of gloves (worn)
Wands
 m - a wand of digging (9)
 p - a wand of flame (8)
Scrolls
 b - a scroll of brand weapon {unknown}
 e - 4 scrolls of remove curse
 f - 4 scrolls of identify
 g - 2 scrolls of teleportation
 h - a scroll of fog {unknown}
 k - a scroll of enchant weapon {unknown}
 o - 3 scrolls of noise
 s - a scroll of fear {unknown}
 u - a scroll of immolation {unknown}
 v - a scroll of enchant armour {unknown}
 x - a scroll of random uselessness {unknown}
Potions
 d - 2 potions of might
 i - 2 potions of mutation {unknown}
 j - a potion of haste {unknown}
 l - 3 potions of flight
 q - a potion of resistance {unknown}
 t - a potion of curing {unknown}
 w - a potion of invisibility {unknown}
 z - a potion of stabbing {unknown}


   Skills:
 + Level 4.7 Fighting
 * Level 7.0 Axes
 + Level 5.7 Armour
 + Level 5.6 Shields


You had 7 spell levels left.
You didn't know any spells.
Your spell library contained the following spells:

 Spells                   Type           Power        Failure   Level
 Corona                   Hex            #......      100%        1
 Ensorcelled Hibernation  Hex/Ice        #.....       100%        2
 Confusing Touch          Hex            #.......     100%        3
 Dazzling Flash           Conj/Hex       #.....       100%        3
 Tukima's Dance           Hex            #.......     100%        3


Dungeon Overview and Level Annotations

Branches:
Dungeon (5/15)             Temple (0/1) D:5         Ossuary (visited)

Altars:
Nemelex Xobeh

Shops:
D:4 (

Annotations:
D:5 Dowan


Innate Abilities, Weirdness & Mutations

You are resistant to damage.
You can heal yourself by infusing magical energy.
You passively map a small area around you.
You do not regenerate.


Message History

The orc hits you with a +0 war axe!
Your chain mail prevents you from hitting the orc.
The orc is heavily wounded.
The orc closely misses you.
You hit the orc.
You kill the orc!
Your shield and chain mail prevent you from hitting Dowan.
You block Dowan's attack. Dowan hits you but does no damage.
You hit Dowan but do no damage. Dowan hits you but does no damage.
Dowan breathes, "And she was my only..."
Dowan hits you but does no damage.
Your shield and chain mail prevent you from hitting Dowan.
Dowan hits you with a +0 dagger.
You closely miss Dowan. Dowan gestures at you while chanting.
The shard of ice hits you!!
* * * LOW HITPOINT WARNING * * *
Dowan points at you and mumbles some strange words.
The shard of ice hits you!!
You die...

......................##.*,,*,,,,
................#####.#*,*,,*,,**
#####...........# *...,,,,,,,**
#..........S# *,,..,**,,,,*
#.........o.## *,,,#,**,,*,*
#.(..^....(.)## *,,,*,,*,,*,*
#####......#####..# *,,,*,,,,,,,*
.........'#######e# *,,,*,,*,,***
.......###...#..@## ***,*,,,,,*
.......# #.>.#...#*****,***,*,*
.......# #...#...#*,,,,,,,,,,,*
.......# #########*,*****,,,*,*
.......# #...#...#*,* *,,,,,*
.......###.>.#.>.#*,* *,,,,,*
.........#...#...#,,* *,,,,>*
.......#.'#######+,** *,,,***
.......#### **** *,,,*


You could see Dowan (fast).

Vanquished Creatures
  Sigmund (D:4)
  Eustachio (D:5)
  Duvessa (D:5)
  A scorpion (D:4)
  A water moccasin skeleton (D:4)
  A howler monkey (D:5)
  2 bullfrog zombies
  3 orc wizards
  An iguana (D:4)
  Ijyb (D:3)
  A worker ant (D:4)
  6 big kobold zombies (Ossuary)
  A mummy (Ossuary)
  9 adders
  A gnoll (D:1)
  An ooze (D:3)
  A worm (D:3)
  13 orcs
  5 spectral bats (Ossuary)
  A ball python (D:3)
  6 bats
  4 giant cockroaches
  6 gnoll zombies (Ossuary)
  13 goblins
  7 hobgoblins
  15 jackals
  4 kobolds
  A quokka (D:3)
  5 bat simulacra (Ossuary)
  3 frilled lizards
  4 goblin simulacra (Ossuary)
  5 goblin zombies (Ossuary)
  9 hobgoblin zombies (Ossuary)
  3 kobold simulacra (Ossuary)
  A kobold zombie (Ossuary)
  3 orc zombies (Ossuary)
  6 rats
  4 rat simulacra (Ossuary)
  4 spectral goblins (Ossuary)
  A spectral kobold (Ossuary)
  5 spectral rats (Ossuary)
161 creatures vanquished.

Notes
Turn   | Place    | Note
-------+----------+-------------------------------------------
     0 | D:1      | HellBreezer the Deep Dwarf Fighter began the quest for the
                  | Orb.
     0 | D:1      | Reached XP level 1. HP: 20/20 MP: 1/1
   194 | D:1      | Reached XP level 2. HP: 20/27 MP: 2/2
   675 | D:2      | Reached skill level 3 in Axes
   675 | D:2      | Reached XP level 3. HP: 23/33 MP: 3/3
   958 | D:2      | Reached XP level 4. HP: 32/42 MP: 3/3
  1470 | D:3      | Noticed Ijyb
  1491 | D:3      | Killed Ijyb
  1491 | D:3      | Reached skill level 4 in Axes
  1491 | D:3      | Reached XP level 5. HP: 28/49 MP: 4/4
  1926 | D:3      | Found a sparkling altar of Nemelex Xobeh.
  2165 | D:4      | Reached XP level 6. HP: 40/56 MP: 4/4
  2210 | D:4      | Reached skill level 5 in Axes
  2324 | D:4      | Found Magiogo's Antique Weapon Emporium.
  2442 | D:4      | Noticed Sigmund
  2464 | D:4      | Killed Sigmund
  2464 | D:4      | Reached skill level 5 in Armour
  2464 | D:4      | Reached skill level 5 in Shields
  2464 | D:4      | Reached XP level 7. HP: 28/64 MP: 4/4
  2584 | D:5      | Entered Level 5 of the Dungeon
  2584 | D:5      | Noticed Duvessa
  2585 | D:5      | Noticed Dowan
  2629 | D:5      | Found a sand-covered staircase.
  2634 | Ossuary  | Entered an ossuary
  2886 | Ossuary  | Reached skill level 6 in Axes
  3163 | D:5      | Noticed Eustachio
  3186 | D:5      | Killed Eustachio
  3301 | D:5      | Reached XP level 8. HP: 40/73 MP: 5/5
  3316 | D:5      | Killed Duvessa
  3316 | D:5      | Reached skill level 7 in Axes
  3324 | D:5      | Killed from afar by Dowan

Illustrated notes

Levels and vault maps discovered:
D:1:      matt_arrival_refuge, layout_loops_ring, minmay_tetromino_t2
D:2:      layout_basic, minivault_23, hangedman_abyss_or_decor_stabs,
          ebering_dispersal_statue_hall
D:3:      layout_rooms, marbit_many_paths, uniq_ijyb
D:4:      layout_cave_pools, serial_shops, kennysheep_little_box, uniq_sigmund
D:5:      layout_basic, grunt_qazlal_clouds, minmay_temple_entry_gardened_gates,
          nicolae_ossuary_entry_false_entrances, uniq_duvessa, uniq_eustachio

Skill      XL: |  1  2  3  4  5  6  7  8 |
---------------+-------------------------+-----
Axes           | 3 4 5 6 7 |  7.0
Fighting       | 3 4 |  4.7
Armour         | 4 5 |  5.7
Shields        | 4 5 |  5.6

Action                   |  1- 3 |  4- 6 |  7- 9 || total
-------------------------+-------+-------+-------++-------
Melee: War axe           |   106 |   240 |   222 ||   568
Throw: Dart              |       |     6 |       ||     6
 Abil: Heal Wounds       |     1 |     3 |     1 ||     5
  Use: Scroll            |       |       |     6 ||     6
Armor: Scale mail        |    61 |    40 |       ||   101
       Chain mail        |       |   107 |   114 ||   221
Dodge: Dodged            |    49 |    71 |    39 ||   159
Block: Kite shield       |    72 |   150 |   102 ||   324

Table legend: (Time is in decaauts)
 A = Elapsed time spent in this place.
 B = Non-inter-level travel time spent in this place.
 C = Inter-level travel time spent in this place.
 D = Time resting spent in this place.
 E = Time spent auto-exploring this place.
 F = Levels seen in this place.
 G = Mean time per level.
                   A        B        C        D        E       F      G
               +--------+--------+--------+--------+--------+-----+--------+
         Total |   3525 |   3474 |     51 |    155 |   1290 |   6 |  587.5 |
       Dungeon |   2952 |   2901 |     51 |    155 |   1281 |   5 |  590.4 |
       Ossuary |    572 |    572 |      0 |      0 |      9 |   1 |  572.0 |
               +--------+--------+--------+--------+--------+-----+--------+

Top non-repeatable levels by time:
     D:3: 745 daAuts
     D:2: 723 daAuts
     D:1: 687 daAuts
     D:4: 585 daAuts
 Ossuary: 572 daAuts
     D:5: 210 daAuts
